| TOP OF THE 1ST |
|
Batavia Muckdogs batting - Pitching for Los Angeles (NYP) Dodgers : RHP Willie Alvarado
|
|
Pitching: RHP Willie Alvarado
|
|
|
Batting: SHB Justin Corbett
|
0-0: Foul Ball, location: 2F 0-1: Ball 1-1: Ground out 4-3 (Groundball, 4D, EV 102.5 MPH)
|
|
Batting: RHB Reomel Somera
|
0-0: Foul Ball, location: 2F 0-1: Swinging Strike 0-2: Ball 1-2: Ball 2-2: Ball 3-2: Ground out 5-3 (Groundball, 56S, EV 88.8 MPH)
|
|
Batting: LHB Angelo Estrella
|
0-0: Foul Ball, location: 2F 0-1: Ground out 1-3 (Groundball, 15S, EV 63.1 MPH)
|
| Top of the 1st over - 0 runs, 0 hits, 0 errors, 0 left on base; Batavia 0 - Los Angeles (NYP) 0 |
| BOTTOM OF THE 1ST |
|
Los Angeles (NYP) Dodgers batting - Pitching for Batavia Muckdogs : RHP Jesus Gomez
|
|
Pitching: RHP Jesus Gomez
|
|
|
Batting: SHB Alex Noval
|
0-0: Ball 1-0: Ground out 5-3 (Groundball, 56, EV 83.1 MPH)
|
|
Batting: RHB Adam Maczko
|
0-0: Ball 1-0: Fly out, F9 (Flyball, 9LM, EV 100.0 MPH)
|
|
Batting: RHB Tommy Hunter
|
0-0: Called Strike 0-1: Ball 1-1: SINGLE (Groundball, 6S, EV 98.8 MPH)
|
|
Batting: RHB Juan Gallegos
|
0-0: Swinging Strike 0-1: Swinging Strike 0-2: Ball 1-2: Foul Ball, location: 2F 1-2: Foul Ball, location: 2F 1-2: Ball Tommy Hunter steals 2nd base 2-2: Ball 3-2: 2-RUN HOME RUN (Flyball, 78XD, EV 110.6 MPH), Distance : 430 ft
|
|
Batting: LHB Fernão Manta
|
0-0: SINGLE (Groundball, 5D, EV 97.5 MPH)
|
|
Batting: RHB Kevin Ezell
|
0-0: Called Strike Fernão Manta is caught stealing 2nd base 2-4
|
| Bottom of the 1st over - 2 runs, 3 hits, 0 errors, 0 left on base; Batavia 0 - Los Angeles (NYP) 2 |
| TOP OF THE 2ND |
|
Batavia Muckdogs batting - Pitching for Los Angeles (NYP) Dodgers : RHP Willie Alvarado
|
|
Batting: RHB Justin Dunham
|
0-0: Ball 1-0: Ball 2-0: Ball 3-0: Called Strike 3-1: Base on Balls
|
|
Batting: SHB Greg Rivera
|
0-0: Called Strike Justin Dunham is caught stealing 2nd base 2-6 0-1: Ball 1-1: Ball 2-1: Called Strike 2-2: Foul Ball, location: 2F 2-2: Ball 3-2: Strikes out looking
|
|
Batting: LHB Danny Treto
|
0-0: Called Strike 0-1: Foul Ball, location: 2F 0-2: Ball 1-2: Strikes out swinging
|
| Top of the 2nd over - 0 runs, 0 hits, 0 errors, 0 left on base; Batavia 0 - Los Angeles (NYP) 2 |
| BOTTOM OF THE 2ND |
|
Los Angeles (NYP) Dodgers batting - Pitching for Batavia Muckdogs : RHP Jesus Gomez
|
|
Batting: RHB Kevin Ezell
|
0-0: SINGLE (Groundball, 56S, EV 63.8 MPH) (infield hit)
|
|
Batting: RHB Brad Brady
|
0-0: Called Strike 0-1: Foul Ball, location: 2F 0-2: Ball 1-2: Ball 2-2: Ball 3-2: Foul Ball, location: 2F 3-2: Hit by Pitch Kevin Ezell to second
|
|
Batting: SHB Josh Vaill
|
0-0: Ball 1-0: Called Strike 1-1: Ball 2-1: Called Strike 2-2: Strikes out swinging
|
|
Batting: LHB Bobby Gambrell
|
0-0: Foul Ball, location: 2F 0-1: Ball 1-1: Ball 2-1: Ball 3-1: Grounds into double play, 6-4-3 (Groundball, 6, EV 85.0 MPH)
|
| Bottom of the 2nd over - 0 runs, 1 hit, 0 errors, 1 left on base; Batavia 0 - Los Angeles (NYP) 2 |
| TOP OF THE 3RD |
|
Batavia Muckdogs batting - Pitching for Los Angeles (NYP) Dodgers : RHP Willie Alvarado
|
|
Batting: RHB Andy Kelly
|
0-0: Ball 1-0: Ball 2-0: SINGLE (Groundball, 34D, EV 103.1 MPH)
|
|
Batting: RHB Hiromitsu Yamada
|
0-0: Called Strike 0-1: Reached on error, E6 (Groundball, 6, EV 107.5 MPH) Andy Kelly to second
|
|
Batting: RHB Jeremy Dennis
|
0-0: Called Strike 0-1: Ball 1-1: Called Strike 1-2: Ball 2-2: Ground out 4-3 (Groundball, 4S, EV 66.2 MPH) Andy Kelly to third Hiromitsu Yamada to second
|
|
Batting: SHB Justin Corbett
|
0-0: Ball 1-0: Swinging Strike 1-1: Foul Ball, location: 2F 1-2: Ground out U3 (Groundball, 3, EV 96.9 MPH)
|
|
Batting: RHB Reomel Somera
|
0-0: Ball 1-0: Ball 2-0: Ball 3-0: Called Strike 3-1: Called Strike Balk! Andy Kelly scores Hiromitsu Yamada to third 3-2: Foul Ball, location: 2F 3-2: Strikes out swinging
|
| Top of the 3rd over - 1 run, 1 hit, 1 error, 1 left on base; Batavia 1 - Los Angeles (NYP) 2 |
| BOTTOM OF THE 3RD |
|
Los Angeles (NYP) Dodgers batting - Pitching for Batavia Muckdogs : RHP Jesus Gomez
|
|
Batting: SHB Alex Noval
|
0-0: Called Strike 0-1: Foul Ball, location: 2F 0-2: Ball 1-2: Ball 2-2: Foul Ball, location: 2F 2-2: Ball 3-2: Foul Ball, location: 2F 3-2: Foul Ball, location: 2F 3-2: Strikes out looking
|
|
Batting: RHB Adam Maczko
|
0-0: Swinging Strike 0-1: Reached on error, E1 (Groundball, 25, EV 75.0 MPH)
|
|
Batting: RHB Tommy Hunter
|
0-0: Ball 1-0: Ball 2-0: Called Strike 2-1: DOUBLE (Line Drive, 89XD, EV 107.5 MPH) Adam Maczko to third
|
|
Batting: RHB Juan Gallegos
|
0-0: Ground out 6-3 (Groundball, 6, EV 97.5 MPH) Adam Maczko scores
|
|
Batting: LHB Fernão Manta
|
0-0: Called Strike 0-1: Ground out 6-3 (Groundball, 6, EV 82.5 MPH)
|
| Bottom of the 3rd over - 1 run, 1 hit, 1 error, 1 left on base; Batavia 1 - Los Angeles (NYP) 3 |
| TOP OF THE 4TH |
|
Batavia Muckdogs batting - Pitching for Los Angeles (NYP) Dodgers : RHP Willie Alvarado
|
|
Batting: LHB Angelo Estrella
|
0-0: Called Strike 0-1: Foul Ball, location: 2F 0-2: Strikes out looking
|
|
Batting: RHB Justin Dunham
|
0-0: Ball 1-0: Ball 2-0: Called Strike 2-1: Ball 3-1: Base on Balls
|
|
Batting: SHB Greg Rivera
|
0-0: Ball 1-0: Swinging Strike 1-1: Foul Ball, location: 2F 1-2: Fly out, F9 (Flyball, 89M, EV 91.2 MPH)
|
|
Batting: LHB Danny Treto
|
0-0: Ball 1-0: Ball 2-0: Ball 3-0: Called Strike 3-1: Base on Balls Justin Dunham to second
|
|
Batting: RHB Andy Kelly
|
0-0: Ball 1-0: Called Strike 1-1: SINGLE (Flyball, 6MD, EV 86.2 MPH) Justin Dunham to third Danny Treto to second
|
|
Batting: RHB Hiromitsu Yamada
|
0-0: Foul Ball, location: 2F 0-1: Ball 1-1: Called Strike 1-2: Foul Ball, location: 2F 1-2: Ball 2-2: Ball 3-2: Fly out, F9 (Line Drive, 9, EV 91.9 MPH)
|
| Top of the 4th over - 0 runs, 1 hit, 0 errors, 3 left on base; Batavia 1 - Los Angeles (NYP) 3 |
| BOTTOM OF THE 4TH |
|
Los Angeles (NYP) Dodgers batting - Pitching for Batavia Muckdogs : RHP Jesus Gomez
|
|
Batting: RHB Kevin Ezell
|
0-0: Ball 1-0: SINGLE (Groundball, 6MD, EV 95.0 MPH)
|
|
Batting: RHB Brad Brady
|
0-0: Ball 1-0: Ball 2-0: Ball 3-0: Called Strike 3-1: Foul Ball, location: 2F 3-2: Strikes out swinging
|
|
Batting: SHB Josh Vaill
|
0-0: Ball 1-0: Fielders Choice at 2nd, 3-6 (Groundball, 3, EV 115.6 MPH)
|
|
Batting: LHB Bobby Gambrell
|
0-0: Ball 1-0: Called Strike 1-1: Hit by Pitch Josh Vaill to second
|
|
Batting: SHB Alex Noval
|
0-0: Swinging Strike 0-1: Swinging Strike 0-2: Strikes out swinging
|
| Bottom of the 4th over - 0 runs, 1 hit, 0 errors, 2 left on base; Batavia 1 - Los Angeles (NYP) 3 |
| TOP OF THE 5TH |
|
Batavia Muckdogs batting - Pitching for Los Angeles (NYP) Dodgers : RHP Willie Alvarado
|
|
Batting: RHB Jeremy Dennis
|
0-0: Called Strike 0-1: Swinging Strike 0-2: Strikes out swinging
|
|
Batting: SHB Justin Corbett
|
0-0: Called Strike 0-1: Ball 1-1: Foul Ball, location: 2F 1-2: Ball 2-2: TRIPLE (Flyball, 89XD, EV 109.4 MPH)
|
|
Batting: RHB Reomel Somera
|
0-0: Called Strike 0-1: Ball 1-1: SINGLE (Groundball, 34D, EV 108.1 MPH) (infield hit) Justin Corbett scores
|
|
Batting: LHB Angelo Estrella
|
0-0: Ball 1-0: Swinging Strike 1-1: Swinging Strike 1-2: Ball 2-2: Ball 3-2: Foul Ball, location: 2F 3-2: Strikes out swinging
|
|
Batting: RHB Justin Dunham
|
0-0: Ball 1-0: Ball 2-0: Foul Ball, location: 2F 2-1: Foul Ball, location: 2F 2-2: Strikes out swinging
|
| Top of the 5th over - 1 run, 2 hits, 0 errors, 1 left on base; Batavia 2 - Los Angeles (NYP) 3 |
| BOTTOM OF THE 5TH |
|
Los Angeles (NYP) Dodgers batting - Pitching for Batavia Muckdogs : RHP Jesus Gomez
|
|
Batting: RHB Adam Maczko
|
0-0: Ball 1-0: Called Strike 1-1: Fly out, F8 (Flyball, 8RM, EV 76.9 MPH)
|
|
Batting: RHB Tommy Hunter
|
0-0: Ball 1-0: Called Strike 1-1: Ball 2-1: Ball 3-1: Called Strike 3-2: Strikes out swinging
|
|
Batting: RHB Juan Gallegos
|
0-0: Called Strike 0-1: Called Strike 0-2: Ball 1-2: Foul Ball, location: 2F 1-2: Ball 2-2: Strikes out swinging
|
| Bottom of the 5th over - 0 runs, 0 hits, 0 errors, 0 left on base; Batavia 2 - Los Angeles (NYP) 3 |
| TOP OF THE 6TH |
|
Batavia Muckdogs batting - Pitching for Los Angeles (NYP) Dodgers : RHP Willie Alvarado
|
|
Pitching: RHP Alfredo Sanchez
|
|
|
Batting: SHB Greg Rivera
|
0-0: Called Strike 0-1: Ball 1-1: Ball 2-1: Foul Ball, location: 2F 2-2: Strikes out looking
|
|
Batting: LHB Danny Treto
|
0-0: Swinging Strike 0-1: Foul Ball, location: 2F 0-2: Strikes out looking
|
|
Batting: RHB Andy Kelly
|
0-0: Called Strike 0-1: Ball 1-1: Ball 2-1: Ground out 5-3 (Groundball, 56D, EV 101.2 MPH)
|
| Top of the 6th over - 0 runs, 0 hits, 0 errors, 0 left on base; Batavia 2 - Los Angeles (NYP) 3 |
| BOTTOM OF THE 6TH |
|
Los Angeles (NYP) Dodgers batting - Pitching for Batavia Muckdogs : RHP Jesus Gomez
|
|
Batting: LHB Fernão Manta
|
0-0: Ball 1-0: Called Strike 1-1: Foul Ball, location: 2F 1-2: Foul Ball, location: 2F 1-2: Ball 2-2: Fly out, F7 (Flyball, 7, EV 88.8 MPH)
|
|
Batting: RHB Kevin Ezell
|
0-0: Foul Ball, location: 2F 0-1: Ball 1-1: Ball 2-1: Foul Ball, location: 2F 2-2: Strikes out swinging
|
|
Batting: RHB Brad Brady
|
0-0: Foul Ball, location: 2F 0-1: Called Strike 0-2: Strikes out looking
|
| Bottom of the 6th over - 0 runs, 0 hits, 0 errors, 0 left on base; Batavia 2 - Los Angeles (NYP) 3 |
| TOP OF THE 7TH |
|
Batavia Muckdogs batting - Pitching for Los Angeles (NYP) Dodgers : RHP Alfredo Sanchez
|
|
Batting: RHB Hiromitsu Yamada
|
0-0: Called Strike 0-1: Called Strike 0-2: Strikes out looking
|
|
Batting: RHB Jeremy Dennis
|
0-0: Swinging Strike 0-1: Ball 1-1: Called Strike 1-2: Ball 2-2: Strikes out swinging, 2-3 out at first.
|
|
Batting: SHB Justin Corbett
|
0-0: Ball 1-0: Swinging Strike 1-1: Ball 2-1: Swinging Strike 2-2: Strikes out swinging
|
| Top of the 7th over - 0 runs, 0 hits, 0 errors, 0 left on base; Batavia 2 - Los Angeles (NYP) 3 |
| BOTTOM OF THE 7TH |
|
Los Angeles (NYP) Dodgers batting - Pitching for Batavia Muckdogs : RHP Jesus Gomez
|
|
Pitching: LHP Brian Worthy
|
|
|
Batting: SHB Josh Vaill
|
0-0: Ball 1-0: Foul Ball, location: 2F 1-1: Ground out 5-3 (Groundball, 56, EV 91.2 MPH)
|
|
Batting: LHB Bobby Gambrell
|
0-0: Ground out 2-3 (Groundball, 13S, EV 68.8 MPH)
|
|
Batting: SHB Alex Noval
|
0-0: Ball 1-0: Called Strike 1-1: Swinging Strike 1-2: Ball 2-2: Reached on error, E4 (Groundball, 4D, EV 93.8 MPH)
|
|
Batting: RHB Adam Maczko
|
0-0: Ball 1-0: Foul Ball, location: 2F 1-1: SINGLE (Groundball, 6MD, EV 105.0 MPH) Alex Noval to third Throwing error, E8 Alex Noval scores Adam Maczko to second
|
|
Batting: RHB Tommy Hunter
|
0-0: SINGLE (Line Drive, 8RS, EV 109.4 MPH) Adam Maczko to third Runner from 3rd tries for Home, SAFE, throw by CF to home
|
|
Batting: RHB Juan Gallegos
|
0-0: Ball 1-0: Foul Ball, location: 2F 1-1: Ball 2-1: Fly out, F9 (Flyball, 9LS, EV 84.4 MPH)
|
| Bottom of the 7th over - 2 runs, 2 hits, 2 errors, 1 left on base; Batavia 2 - Los Angeles (NYP) 5 |
| TOP OF THE 8TH |
|
Batavia Muckdogs batting - Pitching for Los Angeles (NYP) Dodgers : RHP Alfredo Sanchez
|
|
Batting: RHB Reomel Somera
|
0-0: Called Strike 0-1: Ball 1-1: Ball 2-1: Ball 3-1: Foul Ball, location: 2F 3-2: Base on Balls
|
|
Batting: LHB Angelo Estrella
|
0-0: Swinging Strike 0-1: Ball 1-1: Called Strike 1-2: Reached on error, E2 (Groundball, 2L, EV 69.4 MPH) Reomel Somera to second
|
|
Batting: RHB Justin Dunham
|
0-0: Called Strike 0-1: Called Strike 0-2: Strikes out looking
|
|
Batting: SHB Greg Rivera
|
0-0: Called Strike 0-1: Ball 1-1: Called Strike 1-2: Strikes out swinging
|
|
Batting: LHB Danny Treto
|
0-0: Ball 1-0: Ball 2-0: Swinging Strike 2-1: Ball 3-1: Called Strike 3-2: Foul Ball, location: 2F 3-2: Foul Ball, location: 2F 3-2: Base on Balls Reomel Somera to third Angelo Estrella to second
|
|
Pitching: RHP Balinda Msrah
|
|
|
Batting: RHB Andy Kelly
|
0-0: Called Strike 0-1: Ball 1-1: Called Strike 1-2: Ball 2-2: Ground out U3 (Groundball, 34, EV 80.6 MPH)
|
| Top of the 8th over - 0 runs, 0 hits, 1 error, 3 left on base; Batavia 2 - Los Angeles (NYP) 5 |
| BOTTOM OF THE 8TH |
|
Los Angeles (NYP) Dodgers batting - Pitching for Batavia Muckdogs : LHP Brian Worthy
|
|
Pinch Hitting: RHB Manny Mendoza
|
0-0: Ball 1-0: Ball 2-0: Called Strike 2-1: SINGLE (Groundball, 6MD, EV 106.2 MPH)
|
|
Batting: RHB Kevin Ezell
|
0-0: Bunt missed! 0-1: Bunted foul 0-2: Strikes out looking
|
|
Batting: RHB Brad Brady
|
0-0: Ball 1-0: Called Strike 1-1: Ball 2-1: Ball 3-1: Foul Ball, location: 2F 3-2: Foul Ball, location: 2F 3-2: Foul Ball, location: 2F 3-2: Fly out, F8 (Flyball, 8LD, EV 101.2 MPH)
|
|
Batting: SHB Josh Vaill
|
0-0: Called Strike 0-1: Ball 1-1: Ball 2-1: Swinging Strike 2-2: Foul Ball, location: 2F 2-2: Ball 3-2: Strikes out looking
|
| Bottom of the 8th over - 0 runs, 1 hit, 0 errors, 1 left on base; Batavia 2 - Los Angeles (NYP) 5 |
| TOP OF THE 9TH |
|
Batavia Muckdogs batting - Pitching for Los Angeles (NYP) Dodgers : RHP Balinda Msrah
|
|
Pitching: RHP Jared Wisham
|
|
|
Now in LF: Alex Mejia
|
|
|
Batting: RHB Hiromitsu Yamada
|
0-0: Foul Ball, location: 2F 0-1: Ball 1-1: Foul Ball, location: 2F 1-2: SINGLE (Groundball, 6MD, EV 106.2 MPH) (infield hit)
|
|
Batting: RHB Jeremy Dennis
|
0-0: Ball 1-0: Foul Ball, location: 2F 1-1: Swinging Strike 1-2: Ball 2-2: Foul Ball, location: 2F 2-2: Strikes out swinging
|
|
Batting: SHB Justin Corbett
|
0-0: Ball 1-0: Foul Ball, location: 2F 1-1: Foul Ball, location: 2F 1-2: SINGLE (Groundball, 4MD, EV 95.0 MPH) Hiromitsu Yamada to second
|
|
Batting: RHB Reomel Somera
|
0-0: Called Strike 0-1: Fielders Choice at 2nd, 6-4 (Groundball, 6S, EV 90.6 MPH) Hiromitsu Yamada to third
|
|
Batting: LHB Angelo Estrella
|
0-0: Called Strike 0-1: Ball 1-1: Fielders Choice at 2nd, 5-4 (Groundball, 56, EV 81.9 MPH)
|
| Top of the 9th over - 0 runs, 2 hits, 0 errors, 2 left on base; Batavia 2 - Los Angeles (NYP) 5 |
|